 Dungeon Crawl Stone Soup version 0.28-a0-1447-ga5a8893891 (webtiles) character file.

Game seed: 8059119789917166237

76 lunkers the Covert (level 4, 0/23 HPs)
             Began as a Spriggan Delver on Jan 11, 2022.
             Slain by Natasha (8 damage)
             ... on level 3 of the Dungeon.
             The game lasted 00:02:24 (568 turns).

lunkers the Covert (Spriggan Delver)                 Turns: 568, Time: 00:02:24

Health: 0/23       AC:  2    Str:  8    XL:     4   Next: 12%
Magic:  5/5        EV: 17    Int: 13    God:
Gold:   13         SH:  0    Dex: 16    Spells: 3/3 levels left

rFire   . . .      SeeInvis +   a - +0 short sword
rCold   . . .      Faith    .   (no shield)
rNeg    . . .      Spirit   .   b - +0 robe
rPois   .          Reflect  .   (helmet restricted)
rElec   .          Harm     .   (no cloak)
rCorr   .          Rampage  .   (gloves unavailable)
Will    .....                   (boots unavailable)
Stlth   ++++......              (no amulet)
HPRegen 0.07/turn               (no ring)
MPRegen 0.09/turn               (no ring)

@: very quick
A: very small, no large weapons, unfitting armour, see invisible, speed 3
a: no special abilities


You were on level 3 of the Dungeon.
You visited 1 branch of the dungeon, and saw 3 of its levels.

You collected 13 gold pieces.

Inventory:

Hand Weapons
 a - a +0 short sword (weapon)
Armour
 b - a +0 robe (worn)
Wands
 g - a wand of digging (3)
Scrolls
 c - a scroll of fog
 d - a scroll of magic mapping
 e - a scroll of fear
 h - a scroll of enchant armour {unknown}
Potions
 f - a potion of haste


   Skills:
 - Level 2.4 Fighting
 + Level 3.7 Short Blades
 - Level 2.6 Dodging
 + Level 8.5 Stealth


You had 3 spell levels left.
You didn't know any spells.
Your spell library was empty.

Dungeon Overview and Level Annotations

Branches:
Dungeon (5/15)
 Temple: D:4-7

Altars:

Annotations:
D:3 Natasha


Innate Abilities, Weirdness & Mutations

You are very small and have problems with some larger weapons.
You are too small for most types of armour.
You have supernaturally acute eyesight. (SInv)
You cover ground extremely quickly. (Speed+++)


Message History

Natasha barely misses you. The dart slug launches a dart at you.
The slug dart misses you.
You hit the dart slug.
You kill the dart slug!
Natasha barely misses you.
You barely miss Natasha.
Natasha casts a spell.
You hit Natasha.
Natasha is moderately wounded.
Unknown command.
You closely miss Natasha.
Natasha is moderately wounded.
Natasha claws you.
* * * LOW HITPOINT WARNING * * *
You hit Natasha but do no damage.
Natasha is moderately wounded.
Natasha barely misses you.
The white imp grinds its teeth.
The white imp misses you.
Unknown command.
You hit Natasha but do no damage.
Natasha is moderately wounded.
Natasha closely misses you. The white imp completely misses you.
Unknown command.
You closely miss Natasha.
Natasha is moderately wounded.
Natasha closely misses you. The white imp gestures at you.
The puff of frost hits you.
* * * LOW HITPOINT WARNING * * *
You closely miss Natasha.
Natasha is moderately wounded.
Natasha stares at you and mumbles some strange words.
You easily resist.
The white imp misses you.
Unknown command.
You hit Natasha.
Natasha is heavily wounded.
Natasha claws you!
You die...

#############
#.).........#
#...........#
#...........#
###...........###
.......>.........
......)..5....##
....#....@h####
... #.....†......
. #.........###
#......##.#
#......# .#
######## #


You could see Natasha and a white imp (summoned).

Vanquished Creatures
  A jelly (D:4)
  A hound (D:4)
  An adder (D:4)
  A dart slug (D:3)
  An orc (D:3)
  2 ball pythons (D:4)
  An endoplasm (D:4)
  A goblin (D:4)
9 creatures vanquished.

Notes
Turn   | Place    | Note
-------+----------+-------------------------------------------
     0 | D:5      | lunkers the Spriggan Delver began the quest for the Orb.
     0 | D:5      | Reached XP level 1. HP: 11/11 MP: 2/2
     8 | D:4      | Noticed a jelly
    10 | D:4      | Killed a jelly
    11 | D:4      | Reached skill level 8 in Stealth
    11 | D:4      | Reached XP level 2. HP: 16/16 MP: 3/3
    11 | D:4      | Reached XP level 3. HP: 19/19 MP: 4/4
    68 | D:4      | Reached XP level 4. HP: 17/23 MP: 5/5
   246 | D:3      | HP: 1/23 [orc (8)]
   553 | D:3      | Noticed Natasha
   568 | D:3      | Slain by Natasha

Illustrated notes

Levels and vault maps discovered:
D:3:      layout_basic, mainiacjoe_overflow_tiny_flanked, zin_statuary,
          shapermc_ecumenical_altar_mp_ritualfount, kennysheep_generic_room_3,
          uniq_natasha
D:4:      layout_basic, evilmike_ruin_ashenzari, minmay_strange_pillars,
          minmay_cupped, uniq_grinder, uniq_duvessa, uniq_crazy_yiuf_cottage
D:5:      layout_rooms, nicolae_wu_jian_immortal_techniques,
          minmay_temple_entry_mini_moons, hangedman_decor_growths, uniq_sigmund

Skill      XL: |  1 |
---------------+----+-----
Short Blades   | 3 |  3.7
Stealth        | 8 |  8.5
Fighting       | |  2.4
Dodging        | |  2.6

Action                   |  1- 3 |  4- 6 || total
-------------------------+-------+-------++-------
Melee: Short sword       |    23 |    34 ||    57
       Punch             |     1 |       ||     1
 Stab: Sleeping          |     2 |       ||     2
Armor: Robe              |     4 |     2 ||     6
Dodge: Dodged            |    27 |    23 ||    50

Table legend: (Time is in decaauts)
 A = Elapsed time spent in this place.
 B = Non-inter-level travel time spent in this place.
 C = Inter-level travel time spent in this place.
 D = Time resting spent in this place.
 E = Time spent auto-exploring this place.
 F = Levels seen in this place.
 G = Mean time per level.
                   A        B        C        D        E       F      G
               +--------+--------+--------+--------+--------+-----+--------+
         Total |    551 |    551 |      0 |    430 |     30 |   3 |  183.7 |
       Dungeon |    551 |    551 |      0 |    430 |     30 |   3 |  183.7 |
               +--------+--------+--------+--------+--------+-----+--------+

Top non-repeatable levels by time:
     D:4: 512 daAuts
     D:3: 33 daAuts
     D:5: 5 daAuts
